 Dungeon Crawl Stone Soup version 0.30-a0-137-gd8773701ce (webtiles) character file.

Game seed: 1222492265821758582

28 zishaf the Sneak (level 3, 0/18 HPs)
             Began as a Vine Stalker Brigand on Sept 23, 2022.
             Succumbed to a scorpion's poison
             ... on level 2 of the Dungeon.
             The game lasted 00:01:24 (1084 turns).

zishaf the Sneak (Vine Stalker Brigand)             Turns: 1084, Time: 00:01:25

Health: 0/18       AC:  7    Str: 13    XL:     3   Next: 14%
Magic:  4/4        EV: 10    Int: 11    God:
Gold:   47         SH:  0    Dex: 17    Spells: 2/2 levels left

rFire   . . .      SeeInvis .    a - +2 dagger
rCold   . . .      Faith    .    (no shield)
rNeg    . . .      Spirit   +    l - +0 ring mail
rPois   .          Reflect  .    (no helmet)
rElec   .          Harm     .    c - +0 cloak
rCorr   .          Rampage  .    (no gloves)
Will    .....                    i - +0 pair of boots
Stlth   ++........               (no amulet)
HPRegen 0.06/turn                (no ring)
MPRegen 0.09/turn                (no ring)

@: lethally poisoned (0 -> -5)
A: fangs 2, magic shield, antimagic bite, no potion heal 2
a: no special abilities


You were on level 2 of the Dungeon.
You visited 1 branch of the dungeon, and saw 2 of its levels.

You collected 47 gold pieces.

Inventory:

Hand Weapons
 a - a +2 dagger (weapon)
Missiles
 d - 9 poisoned darts (quivered)
 e - 3 curare-tipped darts
Armour
 b - a +0 robe
 c - a +0 cloak (worn)
 i - a +0 pair of boots (worn)
 k - a +0 leather armour
 l - a +0 ring mail (worn)
Scrolls
 f - 2 scrolls of silence {unknown}
 g - a scroll of teleportation {unknown}
 j - a scroll of magic mapping {unknown}
 m - a scroll of vulnerability {unknown}
 n - a scroll of identify {unknown}
 o - a scroll of enchant weapon {unknown}


   Skills:
 + Level 2.1 Fighting
 + Level 2.1 Short Blades
 + Level 2.1 Throwing
 - Level 1.0 Dodging
 + Level 5.1 Stealth


You had 2 spell levels left.
You didn't know any spells.
Your spell library was empty.

Dungeon Overview and Level Annotations

Branches:
Dungeon (2/15)

Altars:


Innate Abilities, Weirdness & Mutations

You have extremely sharp teeth.
When hurt, damage is shared between your health and your magic reserves.
Your bite disrupts and absorbs the magic of your enemies.
Potions cannot restore your health.


Message History

You hit the scorpion but do no damage. Your bite misses the scorpion.
The scorpion is lightly wounded.
The scorpion closely misses you.
You hit the scorpion.
The scorpion is moderately wounded.
The scorpion stings you.
You are lethally poisoned!
The scorpion poisons you!
You aren't carrying any items that you can evoke.
Your system rejects the healing.
You feel better.
The scorpion stings you but does no damage.
The scorpion barely misses you.
You hit the scorpion but do no damage.
The scorpion is moderately wounded.
The scorpion stings you.
* * * LOW HITPOINT WARNING * * *
You barely miss the scorpion.
You bite the scorpion, but do no damage.
The scorpion is moderately wounded.
The scorpion barely misses you.
You hit the scorpion but do no damage. You bite the scorpion.
You drain its power.
You feel invigorated.
The scorpion is heavily wounded.
The scorpion stings you but does no damage.
You hit the scorpion.
The scorpion is heavily wounded.
The scorpion stings you but does no damage.
You barely miss the scorpion. You bite the scorpion. You drain its power.
The scorpion is severely wounded.
The scorpion stings you.
* * * LOW HITPOINT WARNING * * *
You are lethally poisoned!
The scorpion poisons you!
You hit the scorpion but do no damage.
The scorpion is severely wounded.
* * * LOW HITPOINT WARNING * * *
You feel sick. The scorpion barely misses you.
You hit the scorpion. Your bite misses the scorpion.
The scorpion is severely wounded.
You die...

#... #....
.... ..### #
#.#8###8##.
###..........
#........[...
#..@s......
#.#8###8##.
##.### #.<#
#.## #.# #.#
#.# #..


You could see a scorpion.

Vanquished Creatures
  2 endoplasms (D:1)
  2 giant cockroaches (D:1)
  6 goblins
  A hobgoblin (D:1)
  2 quokkas (D:1)
  3 ball pythons (D:1)
  4 bats (D:1)
  A frilled lizard (D:1)
  2 kobolds (D:1)
  3 rats (D:1)
26 creatures vanquished.

Notes
Turn   | Place    | Note
-------+----------+-------------------------------------------
     0 | D:1      | zishaf the Vine Stalker Brigand began the quest for the
                  | Orb.
     0 | D:1      | Reached XP level 1. HP: 11/11 MP: 2/2
   128 | D:1      | Reached skill level 1 in Dodging
   128 | D:1      | Reached XP level 2. HP: 12/15 MP: 1/3
   198 | D:1      | Found a faded altar of an unknown god.
   200 | D:1      | Reached skill level 5 in Stealth
   651 | D:1      | Reached XP level 3. HP: 18/18 MP: 4/4
  1064 | D:2      | Noticed a scorpion
  1084 | D:2      | Succumbed to a scorpion's poison

Illustrated notes

Levels and vault maps discovered:
D:1:      dpeg_arrival_arbitrary_a, layout_basic,
          nicolae_ecumenical_snake_handling
D:2:      layout_rooms, basic_altar, corexii_hall_statues_x, uniq_sigmund

Skill      XL: |  1  2 |
---------------+-------+-----
Dodging        | 1 |  1.0
Stealth        | 5 |  5.1
Fighting       | 2 |  2.1
Short Blades   | 2 |  2.1
Throwing       | 2 |  2.1

Action                   || total
-------------------------++-------
Melee: Dagger            ||    64
       Bite              ||    21
  Use: Potion            ||     2
 Stab: Sleeping          ||     6
Armor: Robe              ||     8
       Ring mail         ||     6
Dodge: Dodged            ||    27

Table legend: (Time is in decaauts)
 A = Elapsed time spent in this place.
 B = Non-inter-level travel time spent in this place.
 C = Inter-level travel time spent in this place.
 D = Time resting spent in this place.
 E = Time spent auto-exploring this place.
 F = Levels seen in this place.
 G = Mean time per level.
                   A        B        C        D        E       F      G
               +--------+--------+--------+--------+--------+-----+--------+
         Total |   1077 |   1030 |     47 |      0 |    837 |   2 |  538.5 |
       Dungeon |   1077 |   1030 |     47 |      0 |    837 |   2 |  538.5 |
               +--------+--------+--------+--------+--------+-----+--------+

Top non-repeatable levels by time:
     D:1: 1055 daAuts
     D:2: 22 daAuts
